 Dungeon Crawl Stone Soup version 0.17-a0-1430-g49fde19 (console) character file.

459 Fusha the Sneak (level 6, -3/48 HPs)
             Began as a Demigod Assassin on June 25, 2015.
             Slain by an ice beast (11 damage)
             ... on level 4 of the Dungeon.
             The game lasted 00:19:47 (5003 turns).

Fusha the Sneak (Demigod Assassin)                  Turns: 5003, Time: 00:19:51

Health: -3/48      AC:  7    Str: 18      XL:     6   Next: 48%
Magic:  8/8        EV: 11    Int: 19      God:
Gold:   204        SH:  5    Dex: 20 (21) Spells: 0 memorised, 5 levels left

rFire  . . .     SeeInvis .     a - +2 dagger
rCold  . . .     Clarity  .     c - +0 robe
rNeg   . . .     SustAt   +     r - +0 buckler
rPois  .         Gourm    .     v - +0 helmet
rElec  .         Spirit   .     d - +0 cloak
rCorr  .         Warding  .     (no gloves)
rMut   .         Stasis   .     i - +2 pair of boots
MR     .....                    (no amulet)
Stlth  ++++......               x - +4 ring of intelligence
                                n - +4 ring of strength

@: not resistant to hostile enchantments, stealthy
A: high mp 1, sustain attributes
a: no special abilities


You were on level 4 of the Dungeon.
You were not hungry.

You visited 1 branch of the dungeon, and saw 4 of its levels.
You also visited: Sewer.

You collected 204 gold pieces.

Inventory:

Hand weapons
 a - a +2 dagger (weapon)
 b - a +0 blowgun
Missiles
 e - 18 poisoned needles
 f - 2 curare-tipped needles
 y - a throwing net (quivered)
Armour
 c - a +0 robe (worn)
 d - a +0 cloak (worn)
 i - a +2 pair of boots (worn)
 r - a +0 buckler (worn)
 v - a +0 helmet (worn)
Jewellery
 n - a +4 ring of strength (left hand)
 o - an uncursed ring of fire
 x - a +4 ring of intelligence (right hand)
Scrolls
 h - 2 scrolls of enchant armour {unknown}
 j - a scroll of fog {unknown}
 k - a scroll of enchant weapon {unknown}
 m - a scroll of remove curse {unknown}
 p - 3 scrolls of amnesia {unknown}
 s - a scroll of recharging {unknown}
 t - a scroll of random uselessness {unknown}
 u - a scroll of teleportation {unknown}
 w - 2 scrolls of magic mapping {unknown}
Potions
 l - a potion of might {unknown}
Comestibles
 g - 3 bread rations


   Skills:
 - Level 1.7 Fighting
 * Level 4.4 Short Blades
 - Level 1.7 Throwing
 - Level 0.8 Dodging
 * Level 6.0 Stealth
 + Level 2.1 Shields


You had 5 spell levels left.
You didn't know any spells.

Dungeon Overview and Level Annotations

Branches:
Dungeon (4/15)
 Temple: D:4-7

Annotations:
D:3 Xoff's ghost, average MiFi


Innate Abilities, Weirdness & Mutations

You have an increased reservoir of magic (+10% MP).
Your attributes are resistant to harm.


Message History

The ice beast hits you but does no damage.
You barely miss the ice beast.
The ice beast is lightly wounded.
The ice beast hits you but does no damage.
You hit the ice beast.
The ice beast is lightly wounded.
Your shield prevents you from hitting the ice beast.
The ice beast is lightly wounded.
The ice beast hits you. The ice beast freezes you!
* * * LOW HITPOINT WARNING * * *
Things that are here:
a flail; a leather armour; an orc corpse Drink which item? (? for menu, Esc to quit)
It was a potion of degeneration.
There was something very wrong with that liquid.
You feel somewhat clumsy. The ice beast hits you.
* * * LOW HITPOINT WARNING * * *
The ice beast freezes you!
You die...

#.............##
##..............##
#................#
##.............÷..#######
#..............÷÷<.#....#
#....(.................#
#........÷......[...####
#............)...###
#...........@....#
#............Y...##
##............))..##
#.................##.
##............).......
#....................
##..........(.......#
##.................#
#........).<......#


You could see an ice beast.

Vanquished Creatures
  2 giant frogs (Sewer)
  An orc wizard (D:4)
  9 adders
  3 gnolls
  8 oozes
  4 worms (D:2)
  8 giant geckos
  11 orcs
  9 ball pythons (Sewer)
  7 bats
  16 giant cockroaches
  5 goblins
  12 hobgoblins
  2 quokkas
  A giant cockroach zombie (D:1)
  A giant gecko zombie (D:1)
  10 giant newts
  9 jackals
  7 kobolds
  11 rats
136 creatures vanquished.

Notes
Turn   | Place    | Note
--------------------------------------------------------------
     0 | D:1      | Fusha the Demigod Assassin began the quest for the Orb.
     0 | D:1      | Reached XP level 1. HP: 17/17 MP: 3/3
   591 | D:1      | Reached XP level 2. HP: 24/24 MP: 4/4
  1370 | D:1      | Reached skill level 4 in Stealth
  1771 | D:2      | Reached XP level 3. HP: 16/29 MP: 5/5
  2678 | D:2      | Reached XP level 4. HP: 26/36 MP: 6/6
  3255 | D:3      | Found a glowing drain.
  3311 | D:3      | Reached skill level 5 in Stealth
  3324 | Sewer    | Entered a sewer
  3359 | Sewer    | Reached XP level 5. HP: 34/41 MP: 7/7
  3532 | Sewer    | Reached skill level 1 in Shields
  3743 | Sewer    | Reached XP level 6. HP: 39/48 MP: 8/8
  4587 | D:3      | Noticed Xoff's ghost (average MiFi)
  4620 | D:4      | Reached skill level 6 in Stealth
  5003 | D:4      | Slain by an ice beast

Vault maps used:
D:1:      saegor_arrival_fortress
D:3:      gup_sewer_entry_glass, first_bread
D:4:      overflow_temple_1_default
Sewer:    sewer_frog_island_02

Action                   |  1- 3 |  4- 6 || total
-------------------------+-------+-------++-------
Melee: Dagger            |   176 |   433 ||   609
  Use: Potion            |       |     2 ||     2
 Stab: Sleeping          |     9 |    11 ||    20
       Distracted        |       |     2 ||     2
       Invisible         |       |     3 ||     3
  Eat: Meat ration       |     1 |     2 ||     3
       Royal jelly       |       |     1 ||     1
